 Dungeon Crawl Stone Soup version 0.28-a0-528-g4b98be1b05 (webtiles) character file.

Game seed: 10478801142109118709

100 Mirvelgyr the Sneak (level 4, -1/34 HPs)
             Began as a Gnoll Wanderer on Sept 24, 2021.
             Slain by a gnoll (5 damage)
             ... on level 3 of the Dungeon.
             The game lasted 00:05:44 (2525 turns).

Mirvelgyr the Sneak (Gnoll Wanderer)                Turns: 2525, Time: 00:05:44

Health: -1/34      AC:  3    Str: 10    XL:     4   Next: 73%
Magic:  5/5        EV: 11    Int: 13    God:
Gold:   39         SH:  0    Dex: 12    Spells: 5/5 levels left

rFire   . . .      SeeInvis .   a - +2 short sword (elec)
rCold   . . .      Faith    .   (no shield)
rNeg    . . .      Spirit   .   i - +0 leather armour
rPois   .          Reflect  .   (no helmet)
rElec   .          Harm     .   (no cloak)
rCorr   .          Rampage  .   (no gloves)
Will    .....                   (no boots)
Stlth   +++.......              (no amulet)
HPRegen 0.11/turn               (no ring)
MPRegen 0.09/turn               (no ring)

@: no status effects
A: fangs 1, strong nose, distributed training
a: no special abilities


You were on level 3 of the Dungeon.
You visited 1 branch of the dungeon, and saw 3 of its levels.

You collected 39 gold pieces.

Inventory:

Hand Weapons
 a - a +2 short sword of electrocution (weapon)
 b - a +0 hunting sling
Missiles
 e - 60 stones (quivered)
 j - 34 bolts
 k - 4 poisoned darts
Armour
 d - a +0 robe
 i - a +0 leather armour (worn)
Jewellery
 f - an amulet of faith
 o - a ring of fire
Scrolls
 g - 2 scrolls of blinking {unknown}
 m - 2 scrolls of identify {unknown}
 n - a scroll of fog {unknown}
Potions
 c - 2 potions of curing
 h - 3 potions of magic {unknown}
 l - a potion of haste


   Skills:
 + Level 2.8 Fighting
 + Level 2.8 Short Blades
 + Level 1.2 Long Blades
 + Level 1.2 Axes
 + Level 1.2 Maces & Flails
 + Level 1.2 Polearms
 + Level 1.2 Staves
 + Level 1.2 Slings
 + Level 1.2 Bows
 + Level 1.2 Crossbows
 + Level 1.2 Throwing
 + Level 1.2 Armour
 + Level 1.2 Dodging
 + Level 6.1 Stealth
 + Level 2.8 Shields
 + Level 1.2 Unarmed Combat
 + Level 1.2 Spellcasting
 + Level 1.0 Conjurations
 + Level 3.9 Hexes
 + Level 1.0 Summonings
 + Level 1.0 Necromancy
 + Level 1.0 Translocations
 + Level 2.3 Transmutations
 + Level 1.0 Fire Magic
 + Level 1.0 Ice Magic
 + Level 1.0 Air Magic
 + Level 1.0 Earth Magic
 + Level 1.0 Poison Magic
 + Level 1.3 Invocations
 + Level 2.8 Evocations


You had 5 spell levels left.
You didn't know any spells.
Your spell library contained the following spells:

 Spells                   Type           Power      Damage    Failure   Level
 Apportation              Tloc           6%         N/A       24%         1
 Alistair's Intoxication  Tmut/Pois      3%         N/A       99%         5
 Invisibility             Hex            5%         N/A       100%        6


Dungeon Overview and Level Annotations

Branches:
Dungeon (3/15)

Altars:


Innate Abilities, Weirdness & Mutations

You have very sharp teeth.
Your uncanny sense of smell can sniff out nearby items.
Your experience applies equally to all skills.


Message History

You kill the adder!
No target in view!
Found a leather armour.
Found a stone staircase leading down.
You see here a +0 leather armour.
Found an escape hatch in the ceiling.
There is an escape hatch in the ceiling here.
A gnoll comes into view. It is wielding a +0 club.
A gnoll is nearby!
A gnoll is nearby!
A gnoll is nearby! 3 gnolls come into view.
The gnoll shouts! x3
The gnoll closely misses you.
The gnoll shouts!
You hit the gnoll. Lightning courses through the gnoll!!
You kill the gnoll!
Your Conjurations skill increases to level 1!
Your Summonings skill increases to level 1!
Your Necromancy skill increases to level 1!
Your Translocations skill increases to level 1!
Your Fire Magic skill increases to level 1!
Your Ice Magic skill increases to level 1!
Your Air Magic skill increases to level 1!
Your Earth Magic skill increases to level 1!
Your Poison Magic skill increases to level 1!
The gnoll hits you with a +0 club!
You see here a +0 club.
You closely miss the gnoll. The gnoll hits you with a +0 club.
The gnoll hits you from afar with a +0 spear!
You are too injured to fight recklessly!
You are too injured to fight recklessly!
You puncture the gnoll! Lightning courses through the gnoll!
You kill the gnoll!
The gnoll hits you from afar with a +0 spear!
* * * LOW HITPOINT WARNING * * *
The gnoll hits you from afar with a +0 spear.
* * * LOW HITPOINT WARNING * * *
The gnoll hits you with a +0 spear.
You die...

#.# #.# #.#.. #.# #.#
#.#.# #.# #.###.#.# #.#
#.##....# #.###.#..#..#
###.##.......## #
#......#.......
....######.###.....#.###
#..gg@)..# #.###.#.# #
#..#####.# #........ #
#...........##
#.#.#####.### #.#.#
###.### #.# . .....# #..
# #..># .. #..# #..#


You could see 2 gnolls.

Vanquished Creatures
  2 gnolls (D:3)
  4 adders
  A worm (D:2)
  7 endoplasms
  7 goblins
  2 hobgoblins (D:1)
  3 quokkas
  3 ball pythons
  3 bats (D:1)
  4 frilled lizards
  5 kobolds (D:1)
  3 rats
44 creatures vanquished.

Notes
Turn   | Place    | Note
-------+----------+-------------------------------------------
     0 | D:1      | Mirvelgyr the Gnoll Wanderer began the quest for the Orb.
     0 | D:1      | Mirvelgyr set off with the following items: a +2 dagger, a
                  | potion of haste, a potion of curing, a +0 robe
     0 | D:1      | Reached XP level 1. HP: 17/17 MP: 1/1
   432 | D:1      | Reached XP level 2. HP: 23/23 MP: 2/2
  1187 | D:1      | Reached XP level 3. HP: 28/28 MP: 3/3
  1319 | D:2      | Reached skill level 6 in Stealth
  1319 | D:2      | Reached skill level 1 in Invocations
  1475 | D:2      | Reached skill level 1 in Long Blades
  1475 | D:2      | Reached skill level 1 in Axes
  1475 | D:2      | Reached skill level 1 in Maces & Flails
  1475 | D:2      | Reached skill level 1 in Polearms
  1475 | D:2      | Reached skill level 1 in Staves
  1475 | D:2      | Reached skill level 1 in Slings
  1475 | D:2      | Reached skill level 1 in Bows
  1475 | D:2      | Reached skill level 1 in Crossbows
  1475 | D:2      | Reached skill level 1 in Throwing
  1475 | D:2      | Reached skill level 1 in Armour
  1475 | D:2      | Reached skill level 1 in Dodging
  1475 | D:2      | Reached skill level 1 in Unarmed Combat
  1475 | D:2      | Reached skill level 1 in Spellcasting
  1549 | D:2      | Found a faded altar of an unknown god.
  2021 | D:2      | Reached XP level 4. HP: 34/34 MP: 5/5
  2522 | D:3      | Reached skill level 1 in Conjurations
  2522 | D:3      | Reached skill level 1 in Summonings
  2522 | D:3      | Reached skill level 1 in Necromancy
  2522 | D:3      | Reached skill level 1 in Translocations
  2522 | D:3      | Reached skill level 1 in Fire Magic
  2522 | D:3      | Reached skill level 1 in Ice Magic
  2522 | D:3      | Reached skill level 1 in Air Magic
  2522 | D:3      | Reached skill level 1 in Earth Magic
  2522 | D:3      | Reached skill level 1 in Poison Magic
  2525 | D:3      | Slain by a gnoll

Illustrated notes

Levels and vault maps discovered:
D:1:      eino_arrival_tree_alley, layout_basic, minivault_14,
          minmay_fountain_box
D:2:      layout_basic, ebering_ecumenical_altar_sacrificial,
          chequers_serial_rivers_micro_c, minmay_tromino_v4_a
D:3:      layout_loops_ring, serial_shops, shop

Skill      XL: |  1  2  3  4 |
---------------+-------------+-----
Transmutations | 2 |  2.3
Stealth        | 6 |  6.1
Invocations    | 1 |  1.3
Long Blades    | 1 |  1.2
Axes           | 1 |  1.2
Maces & Flails | 1 |  1.2
Polearms       | 1 |  1.2
Staves         | 1 |  1.2
Slings         | 1 |  1.2
Bows           | 1 |  1.2
Crossbows      | 1 |  1.2
Throwing       | 1 |  1.2
Armour         | 1 |  1.2
Dodging        | 1 |  1.2
Unarmed Combat | 1 |  1.2
Spellcasting   | 1 |  1.2
Conjurations   | 1 |  1.0
Summonings     | 1 |  1.0
Necromancy     | 1 |  1.0
Translocations | 1 |  1.0
Fire Magic     | 1 |  1.0
Ice Magic      | 1 |  1.0
Air Magic      | 1 |  1.0
Earth Magic    | 1 |  1.0
Poison Magic   | 1 |  1.0
Fighting       | |  2.8
Short Blades   | |  2.8
Shields        | |  2.8
Hexes          | |  3.9
Evocations     | |  2.8

Action                   |  1- 3 |  4- 6 || total
-------------------------+-------+-------++-------
Melee: Dagger            |    72 |       ||    72
       Bite              |     6 |     3 ||     9
       Short sword       |    26 |     9 ||    35
 Fire: Hunting sling     |    10 |    22 ||    32
Throw: Stone             |    29 |       ||    29
 Stab: Sleeping          |     3 |     1 ||     4
Armor: Robe              |     6 |       ||     6
       Leather armour    |    12 |       ||    12
Dodge: Dodged            |    51 |     6 ||    57

Table legend: (Time is in decaauts)
 A = Elapsed time spent in this place.
 B = Non-inter-level travel time spent in this place.
 C = Inter-level travel time spent in this place.
 D = Time resting spent in this place.
 E = Time spent auto-exploring this place.
 F = Levels seen in this place.
 G = Mean time per level.
                   A        B        C        D        E       F      G
               +--------+--------+--------+--------+--------+-----+--------+
         Total |   2514 |   2462 |     52 |    741 |   1310 |   3 |  838.0 |
       Dungeon |   2514 |   2462 |     52 |    741 |   1310 |   3 |  838.0 |
               +--------+--------+--------+--------+--------+-----+--------+

Top non-repeatable levels by time:
     D:1: 1252 daAuts
     D:2: 811 daAuts
     D:3: 450 daAuts
